 Dungeon Crawl Stone Soup version 0.29-a0-350-g7790a0e70a (webtiles) character file.

Game seed: 513226378148696730

46 Hubjo the Firebug (level 3, -2/20 HPs)
             Began as a Deep Elf Fire Elementalist on Apr 22, 2022.
             Slain by a goblin
             ... wielding a +0 club
             ... led by Robin
              (3 damage)
             ... on level 3 of the Dungeon.
             The game lasted 00:04:06 (2575 turns).

Hubjo the Firebug (Deep Elf Fire Elementalist)      Turns: 2575, Time: 00:04:06

Health: -2/20      AC:  2    Str:  5    XL:     3   Next: 46%
Magic:  6/10       EV: 13    Int: 19    God:
Gold:   78         SH:  0    Dex: 17    Spells: 8/9 levels left

rFire   . . .      SeeInvis .   c - +0 short sword
rCold   . . .      Faith    .   (no shield)
rNeg    . . .      Spirit   .   a - +0 robe
rPois   .          Reflect  .   (no helmet)
rElec   .          Harm     .   (no cloak)
rCorr   .          Rampage  .   (no gloves)
Will    .....                   (no boots)
Stlth   ++........              (no amulet)
HPRegen 0.06/turn               (no ring)
MPRegen 0.12/turn               (no ring)

@: flying
A: no striking features
a: no special abilities


You were on level 3 of the Dungeon.
You visited 1 branch of the dungeon, and saw 3 of its levels.

You collected 78 gold pieces.

Inventory:

Hand Weapons
 c - a +0 short sword (weapon)
Armour
 a - a +0 robe (worn)
 d - an orb of guile
Jewellery
 o - the ring "Luroush" {Int+6 Dex+5}
   (You took it off a hobgoblin on level 2 of the Dungeon)

   [ring of intelligence]

   Int:       It affects your intelligence (+6).
   Dex:       It affects your dexterity (+5).
Wands
 p - a wand of flame (6)
Scrolls
 g - a scroll of enchant armour {unknown}
 i - 2 scrolls of fog {unknown}
 j - 3 scrolls of identify {unknown}
 k - a scroll of blinking {unknown}
 l - a scroll of noise {unknown}
 n - a scroll of teleportation {unknown}
Potions
 b - a potion of magic
 e - 2 potions of curing {unknown}
 f - 2 potions of flight
 h - a potion of brilliance {unknown}
 m - a potion of might {unknown}
 q - 2 potions of attraction {unknown}


   Skills:
 * Level 1.4 Fighting
 - Level 2.4 Dodging
 + Level 3.1 Stealth
 + Level 3.5 Spellcasting
 - Level 1.1 Conjurations
 + Level 3.6 Fire Magic


You had 8 spell levels left.
You knew the following spells:

 Your Spells              Type           Power      Damage    Failure   Level
a - Foxfire               Conj/Fire      48%        2x1d6     5%          1

Your spell library contained the following spells:

 Spells                   Type           Power      Damage    Failure   Level
 Scorch                   Fire           34%        2d6       4%          2
 Conjure Flame            Conj/Fire      12%        6-21      16%         3
 Inner Flame              Hex/Fire       10%        N/A       21%         3
 Flame Wave               Conj/Fire      12%        2d6       47%         4


Dungeon Overview and Level Annotations

Branches:
Dungeon (3/15)

Altars:

Shops:
D:3 (

Annotations:
D:3 Robin


Message History

The goblins go into a battle-frenzy!
The goblin barely misses you. x2
Casting: Foxfire (safe; 5% risk of failure)
Confirm with . or Enter, or press ? or * to list all spells.
You conjure some foxfire!
The foxfire hits the goblin.
You kill the goblin!
The foxfire hits the goblin.
The goblin is heavily wounded.
The goblin hits you with a +0 club. The goblin hits you with a +0 dagger.
The foxfire hits the goblin.
The goblin is moderately wounded.
The goblin barely misses you.
Casting: Foxfire (safe; 5% risk of failure)
Confirm with . or Enter, or press ? or * to list all spells.
You conjure some foxfire!
The hobgoblin closely misses you. The goblin hits you with a +0 dagger.
The goblin barely misses you. The goblin hits you with a +0 club.
* * * LOW HITPOINT WARNING * * *
Casting: Foxfire (safe; 5% risk of failure)
Confirm with . or Enter, or press ? or * to list all spells.
You conjure some foxfire!
The foxfire hits the goblin.
You kill the goblin!
The foxfire hits the goblin.
You kill the goblin!
The goblin unwields a +0 club.
The goblin wields a +0 hunting sling.
The goblin shoots a sling bullet.
The sling bullet closely misses you.
The sling bullet closely misses your foxfire.
The goblin hits you with a +0 club.
* * * LOW HITPOINT WARNING * * *
The goblin barely misses you.
Unknown command.
Casting: Foxfire (safe; 5% risk of failure)
Confirm with . or Enter, or press ? or * to list all spells.
You don't know that spell.
It was a potion of flight.
You feel very buoyant.
You fly up into the air.
The foxfire hits the goblin.
You kill the goblin!
The hobgoblin barely misses you. The goblin hits you with a +0 club.
You die...

.... .. #... .. (.# #.#
#.## #.# ############..#
#.# #...........#.# #..
. #.g...........## #..
....#gg).∩.........# #..
....gJg@)..........###.)
......gg....(.......##..
......g#######....#.##..
....[.! #.......)...
.....!. ####...#.#.#
...<... #.....#...#
####### ....#......#
##..#####..# .... #.>#


You could see Robin, an endoplasm, 2 hobgoblins and 5 goblins.

Vanquished Creatures
  3 dart slugs
  4 bats
  2 endoplasms (D:1)
  A giant cockroach (D:1)
  8 goblins
  A hobgoblin (D:2)
  A quokka (D:2)
  5 ball pythons
  4 frilled lizards
  6 kobolds
  5 rats
40 creatures vanquished.

Vanquished Creatures (others)
  77 foxfires
  A fungus (D:2)
78 creatures vanquished.

Grand Total: 118 creatures vanquished

Notes
Turn   | Place    | Note
-------+----------+-------------------------------------------
     0 | D:1      | Hubjo the Deep Elf Fire Elementalist began the quest for
                  | the Orb.
     0 | D:1      | Reached XP level 1. HP: 10/10 MP: 6/6
   702 | D:1      | Reached XP level 2. HP: 16/16 MP: 5/8
  1098 | D:1      | Reached skill level 1 in Fighting
  1999 | D:2      | Reached XP level 3. HP: 20/20 MP: 6/9
  2128 | D:2      | Identified the ring "Luroush" {Int+6 Dex+5}
  2560 | D:3      | Found Taddal's Antique Weapon Emporium.
  2569 | D:3      | Noticed Robin
  2574 | D:3      | HP: 1/20 [goblin/+0 club[Robin] (3)]
  2575 | D:3      | Slain by a goblin

Illustrated notes

Levels and vault maps discovered:
D:1:      lightli_arrival_statue_moat, layout_basic
D:2:      layout_loops_ring, uniq_crazy_yiuf_cottage
D:3:      layout_basic, serial_shops, shop, uniq_terence, uniq_robin

Skill      XL: |  1  2 |
---------------+-------+-----
Fighting       | 1 |  1.4
Stealth        | 3 |  3.1
Dodging        | |  2.4
Spellcasting   | |  3.5
Conjurations   | |  1.1
Fire Magic     | |  3.6

Action                   || total
-------------------------++-------
Melee: Short sword       ||    30
       Unarmed           ||     7
 Cast: Foxfire           ||    64
  Use: Potion            ||     1
 Stab: Sleeping          ||     2
       Distracted        ||     1
Armor: Robe              ||     8
Dodge: Dodged            ||    40

Table legend: (Time is in decaauts)
 A = Elapsed time spent in this place.
 B = Non-inter-level travel time spent in this place.
 C = Inter-level travel time spent in this place.
 D = Time resting spent in this place.
 E = Time spent auto-exploring this place.
 F = Levels seen in this place.
 G = Mean time per level.
                   A        B        C        D        E       F      G
               +--------+--------+--------+--------+--------+-----+--------+
         Total |   2576 |   2553 |     23 |    167 |   2024 |   3 |  858.7 |
       Dungeon |   2576 |   2553 |     23 |    167 |   2024 |   3 |  858.7 |
               +--------+--------+--------+--------+--------+-----+--------+

Top non-repeatable levels by time:
     D:1: 1571 daAuts
     D:2: 903 daAuts
     D:3: 102 daAuts
